Map: Golden Wall LE

Players

Zest - Winner!

  • Race: Protoss Protoss
  • League: Master
  • Spawn Location: 5:00

Bunny

  • Race: Terran Terran
  • League: Gold
  • Spawn Location: 7:00

Event: War Chest Team League

VOD

Have the link to the VOD?

Description

Time

  • Played on: Aug. 16, 2020, 10:20 a.m.
  • Length: 15:40
Show
View Real Time Build Order
Export as new Build Order

Zest Protoss - Winner!

Build Orders: 1 Gate Expand 

Get SALT Encoding   

  12  0:00  Probe  
  13  0:12  Probe  
  14  0:17  Pylon  
  14  0:24  Probe (Chrono Boost)  
  15  0:36  Probe (Chrono Boost)  
  15  0:41  Gateway  
  16  0:44  Probe (Chrono Boost)  
  16  0:48  Assimilator  
  17  0:51  Probe  
  18  1:03  Probe  
  19  1:15  Probe  
  20  1:25  Nexus  
  20  1:35  Cybernetics Core  
  20  1:38  Probe  
  21  1:43  Assimilator  
  21  1:50  Probe  
  22  1:54  Pylon  
  22  2:02  Probe  
  23  2:11  Sentry (Chrono Boost)  
  23  2:12  Warp Gate  
  23  2:14  Probe  
  26  2:26  Probe  
  26  2:28  Stalker  
  29  2:33  Pylon  
  28  2:38  Probe  
  28  2:40  Probe  
  30  2:55  Probe  
  31  2:59  Stalker, Shield Battery  
  33  3:11  Probe x2  
  35  3:18  Stargate  
  35  3:23  Probe x2  
  37  3:35  Probe x2  
  39  3:47  Probe (Chrono Boost)  
  39  3:48  Probe (Chrono Boost)  
  41  3:59  Probe (Chrono Boost)  
  41  4:00  Probe (Chrono Boost)  
  41  4:01  Phoenix (Chrono Boost)  
  45  4:06  Probe (Chrono Boost), Nexus  
  45  4:08  Probe (Chrono Boost)  
  47  4:17  Phoenix (Chrono Boost)  
  47  4:20  Stalker  
  47  4:23  Probe x2  
  53  4:26  Pylon  
  53  4:31  Pylon  
  53  4:37  Probe  
  54  4:41  Assimilator  
  54  4:44  Phoenix (Chrono Boost)  
  54  4:45  Assimilator  
  56  4:46  Probe  
  56  4:50  Probe  
  58  4:52  Robotics Facility  
  58  4:54  Gateway  
  58  5:01  Phoenix (Chrono Boost)  
  58  5:03  Probe x2  
  62  5:09  Shield Battery  
  62  5:13  Stalker  
  64  5:18  Phoenix  
  65  5:22  Probe x2  
  63  5:31  Probe  
  63  5:34  Probe  
  65  5:36  Probe  
  65  5:40  Observer (Chrono Boost)  
  67  5:43  Probe  
  67  5:46  Probe  
  67  5:48  Probe  
  70  5:52  Robotics Bay  
  70  5:55  Observer  
  70  5:56  Probe  
  71  5:58  Probe (Chrono Boost)  
  71  6:01  Probe (Chrono Boost)  
  73  6:08  Probe (Chrono Boost)  
  73  6:10  Probe (Chrono Boost)  
  75  6:13  Probe (Chrono Boost)  
  75  6:15  Assimilator  
  75  6:17  Probe (Chrono Boost), Observer  
  75  6:18  Probe (Chrono Boost)  
  79  6:19  Assimilator, Probe (Chrono Boost)  
  79  6:22  Probe (Chrono Boost)  
  79  6:24  Pylon  
  81  6:25  Forge  
  81  6:30  Probe (Chrono Boost)  
  81  6:36  Observer  
  81  6:38  Probe (Chrono Boost)  
  81  6:39  Probe (Chrono Boost)  
  83  6:41  Colossus, Probe (Chrono Boost)  
  83  6:44  Probe (Chrono Boost)  
  83  6:46  Probe x2 (Chrono Boost)  
  91  6:48  Twilight Council  
  91  6:53  Probe  
  93  7:06  Probe x2  
  93  7:07  Protoss Ground Weapons Level 1 (Chrono Boost)  
  93  7:13  Pylon  
  93  7:15  Pylon  
  93  7:18  Gateway  
  93  7:20  Gateway  
  93  7:23  Gateway  
  93  7:24  Blink (Chrono Boost)  
  93  7:25  Gateway  
  93  7:30  Forge  
  93  7:31  Probe x2  
  93  7:32  Gateway  
  93  7:33  Extended Thermal Lance  
  93  7:35  Robotics Facility, Photon Cannon, Shield Battery  
  95  7:37  Colossus (Chrono Boost)  
  101  7:52  Photon Cannon  
  101  7:55  Sentry  
  101  7:56  Sentry  
  105  8:03  Protoss Ground Armor Level 1  
  105  8:05  Pylon  
  105  8:11  Observer  
  105  8:16  Stalker x2  
  109  8:20  Pylon  
  109  8:22  Pylon  
  109  8:25  Pylon  
  114  8:29  Colossus (Chrono Boost)  
  114  8:30  Observer (Chrono Boost)  
  114  8:31  Observer  
  114  8:34  Probe x2  
  117  8:45  Stalker x6  
  117  8:46  Stalker  
  131  9:03  Observer  
  131  9:09  Stalker x5  
  140  9:12  Protoss Ground Weapons Level 2 (Chrono Boost)  
  140  9:18  Charge  
  140  9:19  Pylon  
  140  9:21  Pylon  
  140  9:23  Pylon  
  140  9:24  Pylon  
  123  9:38  Probe x2  
  123  9:42  Stalker x3, Zealot x2  
  123  9:44  Zealot  
  123  9:45  Zealot  
  135  10:10  Disruptor (Chrono Boost), Warp Prism (Chrono Boost)  
  135  10:11  Protoss Ground Armor Level 2 (Chrono Boost)  
  135  10:12  Zealot x7  
  135  10:14  Observer  
  154  10:17  Dark Shrine  
  152  10:30  Gateway  
  152  10:32  Gateway  
  152  10:35  Gateway  
  152  10:37  Gateway  
  152  10:39  Disruptor (Chrono Boost)  
  152  10:41  Disruptor (Chrono Boost)  
  155  10:44  Nexus  
  158  10:58  Pylon  
  158  10:59  Photon Cannon  
  158  11:01  Photon Cannon  
  158  11:03  Shield Battery  
  158  11:05  Shield Battery  
  158  11:09  Probe x3  
  161  11:14  Disruptor (Chrono Boost)  
  167  11:22  Probe x3  
  167  11:23  Disruptor (Chrono Boost)  
  170  11:29  Pylon  
  170  11:37  Shadow Stride (Chrono Boost)  
  170  11:38  Pylon  
  170  11:42  Disruptor  
  173  11:52  Disruptor  
  173  11:54  Protoss Ground Weapons Level 3 (Chrono Boost)  
  174  12:00  Zealot x3  
  174  12:01  Zealot x7  
  194  12:22  Stalker x2  
  196  12:23  Stalker  
  161  12:39  Observer  
  161  12:44  Zealot x4  
  161  12:47  Dark Templar x7  
  175  12:58  Nexus  
  174  13:23  Dark Templar x3  
  170  13:46  Dark Templar x4, Zealot  
  178  13:57  Observer  
  178  14:11  Stalker  
  178  14:16  Nexus  
  180  14:18  Pylon  
  180  14:19  Pylon  
  180  14:21  Pylon  
  175  14:34  Stalker x3  
  181  14:39  Pylon x2  
  172  14:51  Stalker x6  
  176  14:59  Archon  
Show
View Real Time Build Order
Export as new Build Order

Bunny Terran 

Build Orders: Reaper Expand 

Get SALT Encoding   

  12  0:00  SCV  
  13  0:12  SCV  
  14  0:17  Supply Depot  
  14  0:24  SCV  
  15  0:39  SCV  
  15  0:40  Barracks  
  16  0:44  Refinery  
  16  0:51  SCV  
  17  1:03  SCV  
  18  1:15  SCV  
  19  1:27  Orbital Command  
  19  1:28  Reaper  
  20  1:42  Command Center  
  20  1:52  Supply Depot  
  20  1:53  SCV  
  21  1:59  Marine  
  22  2:05  SCV  
  23  2:10  Bunker  
  23  2:16  Factory  
  23  2:19  SCV  
  24  2:22  Refinery  
  24  2:26  Barracks Reactor  
  24  2:31  SCV  
  25  2:43  SCV  
  26  2:55  SCV  
  26  2:58  Orbital Command  
  27  3:00  Armory  
  27  3:04  Marine x2  
  29  3:07  SCV  
  29  3:10  Factory Tech Lab  
  30  3:19  SCV  
  31  3:22  Marine x2  
  31  3:24  Starport  
  31  3:25  SCV  
  34  3:32  Widow Mine  
  34  3:33  SCV  
  37  3:37  SCV  
  38  3:47  Marine x2  
  38  3:48  Drilling Claws  
  38  3:49  SCV x2  
  38  3:54  Bunker  
  38  3:55  Widow Mine  
  42  4:01  SCV x2  
  44  4:03  Supply Depot  
  44  4:06  Medivac  
  46  4:17  Supply Depot  
  46  4:24  SCV x2  
  46  4:25  Marine x2, Widow Mine  
  52  4:33  Command Center  
  52  4:35  Supply Depot  
  52  4:37  SCV x2  
  54  4:39  Medivac  
  56  4:46  Widow Mine  
  56  4:51  SCV x2  
  62  4:54  Supply Depot  
  60  5:03  Barracks x2, SCV x2  
  61  5:14  Medivac  
  61  5:15  Stimpack, SCV x2  
  61  5:16  Widow Mine  
  61  5:20  Widow Mine  
  69  5:22  Marine  
  69  5:26  Engineering Bay  
  69  5:27  Engineering Bay  
  70  5:29  SCV x2  
  70  5:36  Refinery  
  70  5:37  Refinery  
  70  5:38  Widow Mine  
  70  5:41  Widow Mine, SCV x2  
  70  5:42  Marine  
  77  5:48  Orbital Command  
  77  5:50  Medivac  
  77  5:53  SCV x2  
  77  5:56  Barracks Reactor  
  83  6:04  Widow Mine x2  
  83  6:09  SCV x2  
  77  6:13  Missile Turret  
  77  6:14  Barracks  
  77  6:15  Barracks, Missile Turret  
  77  6:18  Barracks Tech Lab, Missile Turret  
  77  6:22  Terran Infantry Weapons Level 1  
  77  6:28  Terran Infantry Armor Level 1  
  77  6:30  Orbital Command  
  77  6:31  Widow Mine x2  
  81  6:33  Marauder, Marine x2  
  81  6:34  SCV x2  
  81  6:41  Marauder  
  81  6:46  Combat Shield  
  83  6:48  SCV x2  
  83  6:49  Missile Turret  
  83  6:52  Marine x2  
  87  6:55  Marauder  
  87  6:56  SCV  
  90  7:03  Marauder  
  88  7:08  Barracks Tech Lab  
  88  7:09  Barracks Reactor, Medivac  
  88  7:13  Medivac  
  88  7:14  SCV x3  
  91  7:17  Supply Depot  
  91  7:18  Supply Depot x2  
  91  7:19  Refinery x2  
  91  7:23  Factory Reactor, Concussive Shells  
  91  7:25  Marauder  
  91  7:26  Marauder, Marine  
  91  7:27  Marine  
  91  7:29  SCV x3  
  98  7:36  Supply Depot  
  98  7:39  Medivac  
  98  7:41  SCV x3  
  103  7:44  Medivac, Marine x2  
  103  7:49  Marauder  
  103  7:51  Marauder x2, Marine x2  
  113  7:59  SCV  
  113  8:00  SCV x2  
  113  8:01  Widow Mine x2  
  113  8:02  Marine  
  121  8:09  Medivac  
  121  8:11  SCV  
  121  8:12  SCV x2  
  126  8:13  Supply Depot  
  126  8:14  Medivac  
  126  8:15  Marauder  
  126  8:16  Marauder  
  132  8:27  Supply Depot  
  132  8:29  Supply Depot x2  
  132  8:33  Terran Infantry Weapons Level 2  
  132  8:35  Starport  
  132  8:41  Command Center  
  132  8:50  Marauder x3  
  132  8:52  Marine x4  
  144  8:56  Medivac x2  
  144  8:59  Widow Mine, Terran Infantry Armor Level 2  
  144  9:01  Terran Ship Weapons Level 1  
  148  9:09  Ghost Academy  
  147  9:14  Viking x2  
  150  9:21  Marauder  
  150  9:22  Marauder x2  
  150  9:23  Marine x3  
  150  9:24  Marine  
  154  9:32  Viking x2  
  153  9:41  Marine x4  
  153  9:43  Marauder x3  
  150  9:47  Viking x2  
  150  9:53  SCV x2  
  150  9:55  Planetary Fortress  
  150  10:02  Viking  
  150  10:04  Viking  
  148  10:11  Marine x4  
  152  10:17  Missile Turret  
  152  10:20  Missile Turret  
  153  10:28  Viking  
  150  10:31  SCV x3  
  150  10:32  SCV  
  150  10:33  Refinery  
  150  10:34  Marine x2, Refinery  
  150  10:35  Marine  
  157  10:38  Medivac x2  
  157  10:39  Unknown  
  157  10:41  Unknown  
  157  10:42  Supply Depot x2  
  161  10:47  Medivac  
  161  10:49  Unknown  
  165  11:03  Marauder x2, Marine x4  
  173  11:07  Barracks  
  173  11:08  Barracks  
  173  11:09  Barracks  
  173  11:21  Unknown  
  173  11:22  Marauder  
  173  11:23  Terran Infantry Weapons Level 3  
  173  11:24  Sensor Tower, Marauder x2  
  179  11:25  Missile Turret  
  179  11:28  Missile Turret  
  179  11:31  Terran Infantry Armor Level 3  
  183  11:49  Terran Ship Weapons Level 2  
  183  11:57  Marine x3  
  183  11:58  Marine  
  183  11:59  Barracks Reactor, Barracks Tech Lab x2  
  187  12:06  Marauder  
  187  12:08  Command Center  
  189  12:11  Unknown  
  189  12:12  Marauder  
  189  12:14  Marine, Unknown  
  189  12:15  Marine  
  188  12:34  Medivac x2  
  171  12:38  Viking  
  171  12:44  Marine x3  
  167  12:45  Marine x2  
  167  12:47  Medivac  
  172  12:52  Command Center  
  172  12:54  Sensor Tower, Starport  
  172  12:55  Fusion Core  
  167  13:04  Medivac x2  
  167  13:05  Marauder x3  
  176  13:06  Marine x2  
  176  13:09  Unknown x2  
  176  13:10  Marauder  
  180  13:16  Marauder, Marine x4  
  186  13:23  Marine  
  186  13:24  Marine  
  186  13:26  Marauder  
  186  13:27  Marauder x2  
  185  13:34  Marine x3  
  183  13:39  Marine  
  171  13:41  Marine x2  
  171  13:45  Viking  
  171  13:48  Marauder x2  
  180  13:53  Planetary Fortress  
  180  13:55  Marine  
  172  13:58  Marine x3  
  172  13:59  Marine  
  172  14:02  Marauder, SCV, Missile Turret, Unknown  
  180  14:05  Unknown  
  161  14:12  Orbital Command  
  161  14:16  Unknown  
  161  14:23  Marine x2  
  161  14:24  Marine x3  
  166  14:30  Marauder x2  
  165  14:32  Marauder  
  165  14:34  Marine  
  165  14:38  Marine, Unknown  
  164  14:43  Marine  
  164  14:44  Marine  
  137  14:46  Marauder, Unknown  
  137  14:47  Marine x2  
  137  14:51  Marauder x2, Marine  
  137  14:52  Marine  
  135  14:58  Marauder x2  
  107  15:02  Marine x2  
  107  15:05  Marine x2  
  99  15:12  Marauder  
  96  15:14  Marauder  
Tags
 
Add a new tag
Caveats
  • Supply blocks, unpowered buildings, or Contaminate may cause inaccurate times.
  • Supply counts are checked every 10 seconds.